 Dungeon Crawl Stone Soup version 0.30.0 (webtiles) character file.

Game seed: 3473272038237811710

18 pablito the Caller (level 2, 0/15 HPs)
             Began as a Deep Elf Summoner on May 5, 2023.
             Slain by a kobold
             ... wielding a +0 dagger
              (3 damage)
             ... on level 1 of the Dungeon.
             The game lasted 00:03:26 (472 turns).

pablito the Caller (Deep Elf Summoner)               Turns: 472, Time: 00:03:26

Health: 0/15       AC:  2    Str:  5    XL:     2   Next: 48%
Magic:  6/8        EV: 13    Int: 19    God:
Gold:   32         SH:  0    Dex: 15    Spells: 6/7 levels left

rFire   . . .        (no weapon)
rCold   . . .        (no shield)
rNeg    + . .        a - +0 robe
rPois   .            (no helmet)
rElec   .            (no cloak)
rCorr   .            (no gloves)
SInv    .            (no boots)
Will    .....        (no amulet)
Stlth   ++           e - ring of positive energy
HPRegen 0.22/turn    (no ring)
MPRegen 0.11/turn

%: no passive effects
@: no status effects
A: no striking features
a: no special abilities


You were on level 1 of the Dungeon.
You visited 1 branch of the dungeon, and saw 1 of its levels.

You collected 32 gold pieces.

Inventory:

Armour
 a - a +0 robe (worn)
Jewellery
 e - a ring of positive energy (left hand)
Scrolls
 c - 2 scrolls of identify {unknown}
Potions
 b - a potion of magic
 d - 2 potions of curing {unknown}
 f - a potion of berserk rage {unknown}


   Skills:
 + Level 2.8 Dodging
 + Level 2.9 Stealth
 + Level 3.4 Spellcasting
 + Level 4.6 Summonings


You had 6 spell levels left.
You knew the following spells:

 Your Spells              Type           Power      Damage    Failure   Level
a - Summon Small Mammal   Summ           80%        N/A       2%          1

Your spell library contained the following spells:

 Spells                   Type           Power      Damage    Failure   Level
 Call Imp                 Summ           40%        N/A       3%          2
 Call Canine Familiar     Summ           20%        N/A       7%          3
 Summon Guardian Golem    Hex/Summ       12%        N/A       17%         3
 Summon Lightning Spire   Summ/Air       12%        N/A       50%         4


Dungeon Overview and Level Annotations

Branches:
Dungeon (1/15)

Altars:


Message History

Found 15 gold pieces.
The ball python hisses angrily.
Found a scroll labelled SEKHUN ISSIMU.
Casting: Summon Small Mammal (safe; 2% risk of failure)
Press: ? - help, Q - select action Dir - look around, f - activate
Casting: Summon Small Mammal (safe; 2% risk of failure)
Press: ? - help, Q - select action Dir - look around, f - activate The goblin hits you with a +0 club.
Your rat bites the goblin.
Your bat hits the ball python. The ball python bites you.
The ball python grabs you. The ball python constricts you.
The goblin hits your rat with a +0 club.
Your rat bites the goblin.
The goblin dies!
Your bat barely misses the kobold.
You escape the ball python's grasp.
Your rat barely misses the giant cockroach.
The ball python attacks as you move away!
The ball python bites you. The ball python completely misses you.
Your bat hits the ball python. Your bat misses the ball python.
Casting: Summon Small Mammal (safe; 2% risk of failure)
Press: ? - help, Q - select action Dir - look around, f - activate Your rat disappears in a puff of smoke!
The ball python bites you but does no damage.
The ball python grabs you. The ball python constricts you.
The kobold hits you with a +0 dagger.
Your bat hits the ball python.
The ball python dies!
The kobold attacks as you move away! The kobold hits you with a +0 dagger.
* * * LOW HITPOINT WARNING * * *
Your bat hits the kobold. The giant cockroach bites your bat.
The kobold hits your bat with a +0 dagger.
Your bat dies!
Your bat's corpse disappears in a puff of smoke!
The kobold shouts!
Your bat barely misses the giant cockroach.
Your bat barely misses the kobold.
Your bat closely misses the kobold.
The kobold attacks as you move away! The kobold hits you with a +0 dagger.
* * * LOW HITPOINT WARNING * * *
The kobold attacks as you move away! The kobold hits you with a +0 dagger.
You die...

#......#.....+.+.8#8.'.'...
#..........≈≈#.#..#..#.#≈≈.
#..........≈≈#.#..#..#.#≈≈.
###..##†...≈≈#.#.....#.#≈≈.
#.# #....≈##'###'###+##≈.
#. #....≈#..'.....+ #≈#
...####b.≈#<.####### #≈.
#.......KB≈####≈≈≈≈≈####≈#
..#....#@≈≈≈≈≈≈≈≈≈≈≈≈≈≈≈#
....#####.#..............
... #...##.....#..### .#
########..#.###...###
.......r#...##....§.##
.######.r.............
#...................
#.#######)###.####). #.#
#.# #.# #..


You could see a giant cockroach, a kobold (ally target) and a friendly bat
(summoned).

Vanquished Creatures (collateral kills)
  A dart slug (D:1)
  3 ball pythons (D:1)
  An endoplasm (D:1)
  4 goblins (D:1)
  2 hobgoblins (D:1)
  A kobold (D:1)
  A frilled lizard (D:1)
  2 rats (D:1)
15 creatures vanquished.

Notes
Turn   | Place    | Note
-------+----------+-------------------------------------------
     0 | D:1      | pablito the Deep Elf Summoner began the quest for the Orb.
     0 | D:1      | Reached XP level 1. HP: 10/10 MP: 6/6
   259 | D:1      | Reached XP level 2. HP: 14/15 MP: 5/8
   472 | D:1      | Slain by a kobold

Illustrated notes

Levels and vault maps discovered:
D:1:      heliophobic_arrival_glass_houses, layout_rooms

Action                     || total
---------------------------++-------
   Cast: Summon Small Mamm ||    24
 Armour: Robe              ||     2
  Dodge: Dodged            ||    10
